 Dungeon Crawl Stone Soup version 0.29.0-10-g45618ea6d2 (webtiles) character file.

Game seed: 3830394622152251146

106 Lochraine the Digger (level 4, 0/24 HPs)
             Began as a Gargoyle Earth Elementalist on Sept 1, 2022.
             Slain by an orc
             ... wielding a +0 mace
              (6 damage)
             ... on level 3 of the Dungeon.
             The game lasted 00:06:45 (2086 turns).

Lochraine the Digger (Gargoyle Earth Elementalist)  Turns: 2086, Time: 00:06:46

Health: 0/24       AC:  6    Str: 17    XL:     4   Next: 84%
Magic:  1/8        EV: 11    Int: 18    God:
Gold:   107        SH:  0    Dex: 10    Spells: 4/8 levels left

rFire   . . .      SeeInvis .   c - +0 club
rCold   . . .      Faith    .   (no shield)
rNeg    + . .      Spirit   .   a - +0 robe
rPois   ∞          Reflect  .   (no helmet)
rElec   +          Harm     .   (no cloak)
rCorr   .          Rampage  .   (no gloves)
Will    .....                   i - +0 pair of boots
Stlth   ++........              (no amulet)
HPRegen 0.08/turn               k - +6 ring of strength
MPRegen 0.11/turn               (no ring)

@: no status effects
A: sickness immunity, AC +3, negative energy resistance 1, electricity
resistance, torment resistance 1, petrification resistance
a: no special abilities


You were on level 3 of the Dungeon.
You visited 1 branch of the dungeon, and saw 3 of its levels.

You collected 107 gold pieces.

Inventory:

Hand Weapons
 c - a +0 club (weapon)
   (You took it off a goblin on level 1 of the Dungeon)
Armour
 a - a +0 robe (worn)
 i - a +0 pair of boots (worn)
   (You found it on level 1 of the Dungeon)
 j - a +0 robe
   (You found it on level 1 of the Dungeon)
 l - a +0 robe
   (You found it on level 2 of the Dungeon)
 n - a +0 leather armour
   (You found it on level 2 of the Dungeon)
 p - a +0 leather armour
   (You found it on level 3 of the Dungeon)
 q - a +0 ring mail
   (You found it on level 3 of the Dungeon)
 r - a +0 pair of gloves
   (You found it on level 3 of the Dungeon)
Jewellery
 k - a +6 ring of strength (left hand)
   (You found it on level 1 of the Dungeon)
Scrolls
 e - a scroll of teleportation {unknown}
 g - 6 scrolls of identify {unknown}
 h - a scroll of amnesia {unknown}
Potions
 b - 2 potions of magic
 d - 4 potions of attraction {unknown}
 f - a potion of resistance {unknown}
 m - a potion of curing {unknown}
 o - a potion of degeneration {unknown}
 s - a potion of heal wounds {unknown}


   Skills:
 - Level 1.5 Dodging
 - Level 2.1 Stealth
 + Level 2.8 Spellcasting
 + Level 1.2 Conjurations
 + Level 2.0 Transmutations
 + Level 4.7 Earth Magic


You had 4 spell levels left.
You knew the following spells:

 Your Spells              Type           Power      Damage    Failure   Level
a - Sandblast             Erth           38%        2d10      2%          1
x - Stone Arrow           Conj/Erth      26%        3d8       14%         3

Your spell library contained the following spells:

 Spells                   Type           Power      Damage    Failure   Level
 Passwall                 Tmut/Erth      11%        N/A       6%          2
 Petrify                  Tmut/Erth      14%        N/A       38%         4
 Irradiate                Conj/Tmut      4%         3d13      93%         5
 Sublimation of Blood     Necr           Unusable   N/A       N/A         2

Dungeon Overview and Level Annotations

Branches:
Dungeon (3/15) Zot: 15867

Altars:


Innate Abilities, Weirdness & Mutations

You are immune to sickness and miasma.
Your stone body is resilient. (AC +3)
You are immune to poison.
You resist negative energy. (rN+)
You are resistant to electric shocks. (rElec)
You are resistant to unholy torment.
You are immune to petrification.


Message History

The blast of sand hits the orc priest.
The orc priest hits you with a +0 dagger.
Aim: an orc priest, wielding a +0 dagger and wearing a +0 ring mail (almost dead, 84% to hit)
The blast of sand hits the orc priest.
The orc shouts!
You hear a shout!
The orc priest hits you with a +0 dagger.
The orc priest hits you but does no damage.
You don't have enough magic to cast this spell.
You don't have enough magic to cast this spell.
You hit the orc priest.
You kill the orc priest!
Your Conjurations skill increases to level 1!
Your Transmutations skill increases to level 2!
You closely miss the orc. The orc hits you but does no damage.
You barely miss the orc. The orc hits you but does no damage.
You closely miss the orc. The orc hits you but does no damage.
You completely miss the orc. The orc hits you with a +0 club.
Aim: an orc, wielding a +0 club and wearing a +0 scale mail (84% to hit)
The blast of sand hits the orc.
The orc hits you but does no damage. The orc hits you with a +0 club.
* * * LOW HITPOINT WARNING * * *
You hit the orc. The orc hits you but does no damage.
You hit the orc but do no damage.
An orc comes into view. It is wielding a +0 mace.
The orc barely misses you.
You hit the orc.
You kill the orc!
Aim: an orc, wielding a +0 dagger and wearing a +0 leather armour (82% to hit)
The blast of sand hits the orc.
The orc hits you but does no damage. The orc closely misses you.
You hit the orc but do no damage. The orc closely misses you.
You hit the orc but do no damage. The orc hits you but does no damage. x2
You hit the orc but do no damage. The orc closely misses you.
You hit the orc. The orc barely misses you.
You barely miss the orc. The orc closely misses you.
You closely miss the orc. The orc hits you but does no damage.
The orc barely misses you.
You hit the orc but do no damage. The orc hits you with a +0 dagger.
* * * LOW HITPOINT WARNING * * *
Aim: an orc, wielding a +0 dagger and wearing a +0 leather armour (82% to hit)
The blast of sand hits the orc!
You kill the orc!
The orc hits you with a +0 mace.
* * * LOW HITPOINT WARNING * * *
Unknown command.
You barely miss the orc. The orc closely misses you.
You hit the orc. The orc misses you.
You closely miss the orc. The orc closely misses you.
You hit the orc but do no damage. The orc hits you with a +0 mace.
You die...

######### ###### ........#
#......... o...o...#
#......... o.o.....#
#.........
........############.........
#.##.o@................
#)##.###.#####.........
#..........<##.........
##.#####.##............
.........##............
...>........#............
#..########..#............
#.# #..#...######### #.
#..#...#


You could see an orc.

Vanquished Creatures
  An orc priest (D:3)
  2 adders (D:2)
  A worm (D:2)
  A dart slug (D:1)
  3 orcs (D:3)
  5 endoplasms
  2 giant cockroaches
  3 goblins
  7 hobgoblins
  2 jackals (D:1)
  2 quokkas (D:2)
  3 ball pythons (D:2)
  3 bats
  5 frilled lizards
  5 kobolds
  3 rats
48 creatures vanquished.

Notes
Turn   | Place    | Note
-------+----------+-------------------------------------------
     0 | D:1      | Lochraine the Gargoyle Earth Elementalist began the quest
                  | for the Orb.
     0 | D:1      | Reached XP level 1. HP: 10/10 MP: 3/3
    82 | D:1      | Reached skill level 1 in Transmutations
   113 | D:1      | Reached XP level 2. HP: 15/15 MP: 1/5
   204 | D:1      | Found a faded altar of an unknown god.
   293 | D:1      | Reached skill level 4 in Earth Magic
   686 | D:1      | Reached XP level 3. HP: 19/19 MP: 6/6
  1199 | D:2      | Learned a level 3 spell: Stone Arrow
  1438 | D:2      | Reached XP level 4. HP: 24/24 MP: 4/7
  2066 | D:3      | Reached skill level 1 in Conjurations
  2086 | D:3      | Slain by an orc

Illustrated notes

Levels and vault maps discovered:
D:1:      amcnicky_arrival_gap_in_the_tavern_cellar, layout_basic,
          ebering_ecumenical_altar_petrified, nrook_campfire
D:2:      layout_basic, minmay_quadrilaterals
D:3:      layout_basic, serial_shops, nicolae_shop_bloodbath_and_beyond,
          uniq_robin

Skill      XL: |  1  2  3  4 |
---------------+-------------+-----
Transmutations | 1 2 |  2.0
Earth Magic    | 4 |  4.7
Conjurations   | 1 |  1.2
Dodging        | |  1.5
Stealth        | |  2.1
Spellcasting   | |  2.8

Action                   |  1- 3 |  4- 6 || total
-------------------------+-------+-------++-------
Melee: Club              |    21 |    21 ||    42
 Cast: Sandblast         |    45 |    23 ||    68
 Stab: Sleeping          |     1 |     1 ||     2
Armor: Robe              |    18 |    14 ||    32
       Leather armour    |       |     2 ||     2
Dodge: Dodged            |    27 |    18 ||    45
